 Dungeon Crawl Stone Soup version 0.25-a0-1079-g858b6a6ff6 (webtiles) character file.

Game seed: 11688267270624894704, levelgen mode: classic

2472 Amnesiac the Archer (level 9, 0/45 HPs)
             Began as a Vine Stalker Hunter on May 16, 2020.
             Was a Follower of Okawaru.
             Slain by a hippogriff (6 damage)
             ... on level 8 of the Dungeon.
             The game lasted 00:10:07 (6349 turns).

Amnesiac the Archer (Vine Stalker Hunter)           Turns: 6349, Time: 00:10:08

Health: 0/45       AC:  7    Str: 18    XL:     9   Next: 51%
Magic:  0/18       EV: 11    Int: 11    God:    Okawaru [*.....]
Gold:   376        SH:  0    Dex: 15    Spells: 6/19 levels left

rFire    . . .     SeeInvis .   a - +1 shortbow
rCold    . . .     Gourm    .   (shield currently unavailable)
rNeg     + . .     Faith    .   k - +0 ring mail
rPois    .         Spirit   +   w - +0 helmet
rElec    .         Reflect  .   (no cloak)
rCorr    .         Harm     .   y - +0 pair of gloves
MR       +....                  (no boots)
Stlth    +.........             (no amulet)
HPRegen  0.55/turn              r - ring of positive energy
MPRegen  0.16/turn              (no ring)

@: very slightly contaminated
A: fangs 3, regeneration 1, magic shield, antimagic bite, no potion heal 3, rot
immunity
a: Heroism, Renounce Religion


You were on level 8 of the Dungeon.
You worshipped Okawaru.
Okawaru was aware of your devotion.
You were not hungry.

You visited 2 branches of the dungeon, and saw 9 of its levels.

You collected 376 gold pieces.

Inventory:

Hand Weapons
 a - a +1 shortbow (weapon)
 b - the +6 dagger "Wysustri" {holy, rF+ Int+3}
   (You found it on level 4 of the Dungeon)

   It has been blessed by the Shining One to cause great damage to the undead
   and demons.
   It affects your intelligence (+3).
   It protects you from fire.
 c - a +0 dagger of draining
 p - a +0 short sword
 u - a +2 whip of venom
Missiles
 d - 54 arrows (quivered)
Armour
 k - a +0 ring mail (worn)
 w - a +0 helmet (worn)
 y - a +0 pair of gloves (worn)
Jewellery
 r - a ring of positive energy (left hand)
Wands
 A - a wand of random effects (13)
Scrolls
 g - 5 scrolls of remove curse {!r, unknown}
 h - a scroll of fog {!r, unknown}
 j - 7 scrolls of teleportation {!r, unknown}
 m - 3 scrolls of enchant weapon {!r, unknown}
 n - 8 scrolls of identify {!r, unknown}
 o - 3 scrolls of enchant armour {!r, unknown}
 t - 2 scrolls of random uselessness {!r, unknown}
 B - 2 scrolls of blinking {!r, unknown}
Potions
 e - 2 potions of stabbing {!q, unknown}
 i - 3 potions of heal wounds {!q, unknown}
 l - 5 potions of curing {!q}
 q - a potion of cancellation {!q, unknown}
 s - a potion of degeneration {!q, unknown}
 v - a potion of might {!q, unknown}
 z - 3 potions of invisibility {!q, unknown}
Comestibles
 f - 6 rations


   Skills:
 - Level 4.1 Fighting
 * Level 9.9 Bows
 - Level 1.5 Armour
 - Level 1.5 Dodging
 - Level 1.2 Stealth
 + Level 5.7 Spellcasting


You had 6 spell levels left.
You knew the following spells:

 Your Spells              Type           Power        Failure   Level  Hunger
a - Sticks to Snakes      Tmut           #.......     47%         2    ##.....
b - Call Imp              Summ           #.......     47%         2    ##.....
c - Apportation           Tloc           #.....       34%         1    None
e - Mephitic Cloud        Conj/Pois/Air  #.......     71%         3    ###....
s - Conjure Flame         Conj/Fire      #.......     71%         3    ###....
v - Blink                 Tloc           N/A          47%         2    ##.....

Your spell library contained the following spells:

 Spells                   Type           Power        Failure   Level  Hunger
 Animate Skeleton         Necr           N/A          34%         1    None
 Beastly Appendage        Tmut           #.....       34%         1    None
 Corona                   Hex            #......      34%         1    None
 Magic Dart               Conj           #...         34%         1    None
 Summon Small Mammal      Summ           #...         34%         1    None
 Slow                     Hex            #.......     47%         2    ##.....
 Spider Form              Tmut/Pois      #.........   71%         3    ###....
 Ice Form                 Ice/Tmut       #.......     98%         4    ####...
 Blade Hands              Tmut           #.........   100%        5    ######.


Dungeon Overview and Level Annotations

Branches:
Dungeon (8/15)             Temple (1/1) D:6
   Lair: D:8-11

Altars:
Dithmenos
Fedhas
Gozag
Hepliaklqana
Kikubaaqudgha
Nemelex Xobeh
Okawaru
Sif Muna
Wu Jian
Xom
Yredelemnul
The Shining One

Annotations:
D:5 1 exclusion


Innate Abilities, Weirdness & Mutations

You have razor-sharp teeth.
Your natural rate of healing is unusually fast.
When hurt, damage is shared between your health and your magic reserves.
Your bite disrupts and absorbs the magic of your enemies.
Potions cannot restore your health.
You are immune to rotting.


Message History

The hippogriff closely misses you.
Firing (i - inventory)
d - 61 arrows (quivered)
Press: ? - help, Shift-Dir - straight line, f/p - hippogriff
Aim: a hippogriff (almost dead)
You shoot an arrow. The arrow barely misses the hippogriff.
The hippogriff closely misses you.
The hippogriff pecks you but does no damage.
The hippogriff closely misses you.
Firing (i - inventory)
d - 60 arrows (quivered)
Press: ? - help, Shift-Dir - straight line, f/p - hippogriff
Aim: a hippogriff (almost dead)
You shoot an arrow. The arrow barely misses the hippogriff.
The hippogriff bites you but does no damage.
The hippogriff pecks you but does no damage.
The hippogriff completely misses you.
Firing (i - inventory)
d - 59 arrows (quivered)
Press: ? - help, Shift-Dir - straight line, f/p - hippogriff
Aim: a hippogriff (almost dead)
You shoot an arrow.
The arrow closely misses the hippogriff.
The hippogriff closely misses you. The hippogriff pecks you.
* * * LOW HITPOINT WARNING * * *
The hippogriff claws you but does no damage.
Firing (i - inventory)
d - 58 arrows (quivered)
Press: ? - help, Shift-Dir - straight line, f/p - hippogriff
Aim: a hippogriff (almost dead)
You shoot an arrow.
The arrow completely misses the hippogriff.
Firing (i - inventory)
d - 57 arrows (quivered)
Press: ? - help, Shift-Dir - straight line, f/p - hippogriff
Aim: a hippogriff (almost dead)
You shoot an arrow. The arrow hits the hippogriff.
The hippogriff is almost dead.
The hippogriff bites you.
* * * LOW HITPOINT WARNING * * *
The hippogriff barely misses you. The hippogriff claws you!
* * * LOW HITPOINT WARNING * * *
You are too injured to fight recklessly!
You are too injured to fight recklessly!
You are too injured to fight recklessly!
You are too injured to fight recklessly!
You are too injured to fight recklessly!
You are too injured to fight recklessly!
You are too injured to fight recklessly!
You are too injured to fight recklessly!
You are too injured to fight recklessly!
You are too injured to fight recklessly!
You are too injured to fight recklessly!
You are too injured to fight recklessly!
Firing (i - inventory)
d - 56 arrows (quivered)
Press: ? - help, Shift-Dir - straight line, f/p - hippogriff
Aim: a hippogriff (almost dead)
You shoot an arrow.
The arrow closely misses the hippogriff.
The hippogriff closely misses you. The hippogriff pecks you.
* * * LOW HITPOINT WARNING * * *
The hippogriff closely misses you.
Firing (i - inventory)
d - 55 arrows (quivered)
Press: ? - help, Shift-Dir - straight line, f/p - hippogriff
Aim: a hippogriff (almost dead)
You shoot an arrow. The arrow hits the hippogriff.
The hippogriff is almost dead.
The hippogriff closely misses you. The hippogriff pecks you!
You die...

###..###.#
###########
#..###.##.
#.........#
#..#.....
..#######.#
#..#.#.#.#. ..#
#.# ##..........
#.#
#.#####...#.#.#.#.
#.#
#(...((.........#
#.##
#######H).#######
...##### ##@##
..<....#########.#
...###.....)(..(.#
#.## #############
#.# #.# #.# #.# #.


You could see a hippogriff.

Vanquished Creatures
  A wyvern (D:8)
  Duvessa (D:7)
  An orc warrior (D:7)
  2 ice beasts
  A sky beast (D:5)
  A phantom (D:6)
  3 centaurs
  A big kobold (D:7)
  3 bullfrogs
  A wyvern skeleton (D:6)
  A scorpion (D:2)
  Dowan (D:7)
  3 killer bees
  3 wights (D:8)
  A crimson imp (D:7)
  A centaur zombie (D:6)
  3 hounds
  A centaur skeleton (D:6)
  A jelly (D:6)
  5 orc wizards
  8 worker ants
  A hound skeleton (D:4)
  Robin (D:4)
  8 gnolls
  8 adders
  An ooze (D:3)
  An adder zombie (D:5)
  2 worms (D:3)
  A dart slug (D:2)
  7 leopard geckos
  17 orcs
  2 ball pythons
  4 giant cockroaches
  14 goblins
  10 hobgoblins
  12 jackals
  3 quokkas
  7 bats
  2 frilled lizards
  15 kobolds
  A leopard gecko skeleton (D:4)
  A quokka skeleton (D:7)
  7 rats
168 creatures vanquished.

Notes
Turn   | Place    | Note
-------+----------+-------------------------------------------
     0 | D:1      | Amnesiac the Vine Stalker Hunter began the quest for the
                  | Orb.
     0 | D:1      | Reached XP level 1. HP: 11/11 MP: 2/2
   131 | D:1      | Reached skill level 4 in Bows
   131 | D:1      | Reached XP level 2. HP: 6/15 MP: 3/3
   327 | D:1      | Found a sparkling altar of Nemelex Xobeh.
   620 | D:2      | Reached XP level 3. HP: 18/18 MP: 4/4
  1152 | D:2      | Reached skill level 5 in Bows
  1177 | D:2      | Gained mutation: Your natural rate of healing is unusually
                  | fast. [Vine Stalker growth]
  1177 | D:2      | Reached XP level 4. HP: 23/23 MP: 5/5
  1640 | D:3      | Reached XP level 5. HP: 25/27 MP: 6/6
  1845 | D:3      | Learned a level 2 spell: Sticks to Snakes
  2464 | D:4      | Got an ancient dagger
  2667 | D:4      | Noticed Robin
  2669 | D:4      | Reached XP level 6. HP: 32/32 MP: 7/7
  2693 | D:4      | Killed Robin
  2988 | D:4      | Noticed a shadow
  2990 | D:4      | Found a shadowy altar of Dithmenos.
  2991 | D:4      | Found a hazy altar of Hepliaklqana.
  3157 | D:5      | Entered Level 5 of the Dungeon
  3180 | D:5      | Reached skill level 6 in Bows
  3218 | D:5      | Noticed an ice beast
  3234 | D:5      | Killed an ice beast
  3299 | D:5      | Reached XP level 7. HP: 37/37 MP: 8/8
  3363 | D:5      | Reached skill level 1 in Spellcasting
  3874 | D:5      | Reached skill level 7 in Bows
  4148 | D:5      | Found a shimmering blue altar of Sif Muna.
  4281 | D:6      | Gained mutation: You have razor-sharp teeth. [Vine Stalker
                  | growth]
  4281 | D:6      | Reached XP level 8. HP: 17/42 MP: 10/13
  4462 | D:6      | Reached skill level 8 in Bows
  4587 | D:6      | Learned a level 2 spell: Blink
  4603 | D:6      | Learned a level 3 spell: Mephitic Cloud
  4606 | D:6      | Learned a level 2 spell: Call Imp
  4642 | D:6      | Learned a level 3 spell: Conjure Flame
  4649 | D:6      | Learned a level 1 spell: Apportation
  4746 | D:6      | Found a staircase to the Ecumenical Temple.
  4755 | Temple   | Entered the Ecumenical Temple
  4772 | Temple   | Became a worshipper of Warmaster Okawaru
  5433 | D:7      | Reached skill level 9 in Bows
  5458 | D:7      | Noticed Dowan
  5470 | D:7      | Killed Dowan
  5470 | D:7      | Reached XP level 9. HP: 37/45 MP: 12/17
  5614 | D:7      | Reached * piety under Okawaru
  5614 | D:7      | Reached skill level 5 in Spellcasting
  5648 | D:7      | Noticed Duvessa
  5693 | D:7      | Killed Duvessa
  5866 | D:7      | Identified the +6 dagger "Wysustri" {holy, rF+ Int+3} (You
                  | found it on level 4 of the Dungeon)
  5945 | D:7      | Found a shimmering altar of Xom.
  6173 | D:8      | Reached skill level 1 in Armour
  6349 | D:8      | Slain by a hippogriff

Illustrated notes

Levels and vault maps discovered:
D:1:      eino_arrival_cavern_d, layout_rooms, nemelex_xobeh_ov_fountains_minmay
D:2:      layout_loops_ring, serial_forest, infiniplex_forest_zigzag_1,
          infiniplex_forest_clump_small, infiniplex_forest_straight_5,
          infiniplex_forest_lined_corner, infiniplex_forest_lined_3,
          infiniplex_forest_clump_long, infiniplex_forest_fountain,
          infiniplex_forest_end_double, infiniplex_forest_clump_tiny,
          infiniplex_forest_straight_3
D:3:      layout_rooms, first_ration, minmay_misc_feat_more_columns,
          minmay_goblin_kobold_house
D:4:      layout_basic, riverfiend_overflow_shadow_ancestor, uniq_robin
D:5:      layout_layer_cave, tgw_sif, hex_large, minmay_statues_item
D:6:      layout_basic, minmay_temple_entry_waves, kennysheep_generic_room_4
D:7:      layout_gridville, xom_butterflies, uniq_duvessa
D:8:      layout_loops_ring, grunt_temple_overflow_lords_of_destruction
Temple:   dshaligram_water_room_temple

Skill      XL: |  1  2  3  4  5  6  7  8  9 |
---------------+----------------------------+-----
Bows           | 4 5 6 7 9 |  9.9
Fighting       | 2 3 4 |  4.1
Spellcasting   | 2 4 5 |  5.7
Armour         | 1 |  1.5
Dodging        | |  1.5
Stealth        | |  1.2

Action                   |  1- 3 |  4- 6 |  7- 9 || total
-------------------------+-------+-------+-------++-------
Melee: Short sword       |    61 |    61 |       ||   122
       Bite              |    11 |    55 |    27 ||    93
       Whip              |       |   142 |    76 ||   218
       Dagger            |       |       |    19 ||    19
 Fire: Shortbow          |    49 |       |   300 ||   349
Throw: Dart              |       |    25 |    29 ||    54
 Stab: Sleeping          |     1 |       |       ||     1
  Eat: Chunk             |     1 |     7 |     9 ||    17
Armor: Leather armour    |     4 |       |       ||     4
       Ring mail         |    21 |    68 |    89 ||   178
Dodge: Dodged            |    53 |   130 |   154 ||   337

Table legend:
 A = Non-vault XP
 B = Vault XP
 C = Vault XP percentage of total XP
 D = Non-vault monster count
 E = Vault monster count
 F = Vault count percentage of total count
                 A         B        C        D         E       F
            +---------+---------+-------+---------+---------+-------
      Total |    3139 |     393 |  11.1 |     145 |      23 |  13.7
            +---------+---------+-------+---------+---------+-------
        D:1 |      23 |       0 |   0.0 |      15 |       0 |   0.0
        D:2 |     140 |       0 |   0.0 |      24 |       0 |   0.0
        D:3 |      32 |      10 |  23.8 |      12 |       6 |  33.3
        D:4 |     144 |      36 |  20.0 |      13 |      13 |  50.0
        D:5 |     703 |      40 |   5.4 |      29 |       1 |   3.3
        D:6 |     926 |      88 |   8.7 |      18 |       1 |   5.3
        D:7 |     659 |     219 |  24.9 |      27 |       2 |   6.9
        D:8 |     512 |       0 |   0.0 |       7 |       0 |   0.0
            +---------+---------+-------+---------+---------+-------
